 Adventure DCSS version bcrawl-1.21.2-28-g2cb1824106 (webtiles) character file.

Game seed: 4800924427608957219

1118296 galech the Conqueror (level 27, -3/522 HPs)
             Began as a Demonspawn Fighter on Mar 11, 2020.
             Was the Champion of Okawaru.
             Slain by a merfolk impaler
             ... wielding a +2 trident of protection
              (6 damage)
             ... on level 15 of a ziggurat on Mar 13, 2020.
             The game lasted 03:44:48 (100084 turns).

galech the Conqueror (Demonspawn Fighter)         Turns: 100084, Time: 03:44:48

Health: -3/522     AC: 26    Str: 34 (35) XL:     27
Magic:  0/37       EV: 20    Int:  6 (7)  God:    Okawaru [******]
Gold:   14135      SH: 23    Dex: 23 (24) Spells: 30/30 levels left
                                        Lives:  0   Deaths: 2

rFire    + + +     SeeInvis .   P - +18 lance "Wyrmbane" {slay drac, rPois rF+ rC+ AC+3}
rCold    + + +     Gourm    .   I - +2 shield of Resistance {rF+ rC+ MR+}
rNeg     + + .     Faith    .   X - +15 iron dragon scales
rPois    +         Spirit   +   (helmet unavailable)
rElec    +         Reflect  .   Z - +0 cloak "Eninargh" {rC+ rN+ Regen+}
rCorr    .         Harm     .   W - +1 pair of gloves "Fiqix" {MR+ Str+8}
MR       ++++.                  H - +1 pair of boots {run}
Stlth    ..........             V - amulet of Vitality {Regen+ HP+25}
HPRegen  1.77/turn              w - ring of Wonaurghe {rElec Slay+6}
MPRegen  0.50/turn              f - ring "Sytsysupn" {rF+ rC+ rN+ Str+4 Int-5}

@: berserking (expiring), heroism, corroded, studying 2 skills, very quick
A: beak, horns 3, slimy green scales 3, clever 1, demonic guardian 3, fire
resistance 1, robust 3, magic shield, magic regeneration, magic link
}: 10/15 runes: barnacled, slimy, silver, golden, iron, obsidian, icy, bone,
abyssal, gossamer
a: Heroism, Finesse, Renounce Religion


You were on level 15 of a ziggurat.
You worshipped Okawaru.
Okawaru was exalted by your worship.
You were not hungry.

You visited 18 branches of the dungeon, and saw 60 of its levels.
You visited the Abyss 13 times.
You visited 2 bazaars.
You visited 1 ziggurat, and saw 15 of its levels.
You also visited: Ossuary, Bailey, Ice Cave and Wizlab.

You collected 18949 gold pieces.
You spent 4814 gold pieces at shops.

Inventory:

Hand Weapons
 r - the +7 great mace "Undeadhunter" {disrupt, rN+}
   (You found it on level 13 of a ziggurat)

   It protects you from negative energy.
 L - the +8 mithril axe "Arga" {speed, MR+}
   (Okawaru gifted it to you on level 1 of Gehenna)

   Attacks with this weapon are significantly faster.
   It affects your resistance to hostile enchantments.
 P - the +18 lance "Wyrmbane" (weapon) {slay drac, rPois rF+ rC+ AC+3}
   (You found it on level 4 of the Depths)

   It affects your AC (+3).
   It protects you from fire.
   It protects you from cold.
   It protects you from poison.
 S - the +6 shortbow of Astalole {venom, *Slow rF+ rN+}
   (You found it on level 6 of a ziggurat)

   It poisons the ammo it fires.
   It protects you from fire.
   It protects you from negative energy.
   It may slow you when you take damage.
 Y - the +7 fustibalus of Reinforcement {freeze, rElec rPois}
   (You found it on level 9 of a ziggurat)

   It causes projectiles fired from it to freeze those they strike, causing
   extra injury to most foes and up to half again as much damage against
   particularly susceptible opponents.
   They can also slow down cold-blooded creatures.
   It insulates you from electricity.
   It protects you from poison.
Armour
 n - the +4 medium shield of Hadjma {*Drain rCorr Dex+4}
   (Okawaru gifted it to you on level 2 of the Iron City of Dis)

   It affects your dexterity (+4).
   It provides partial protection from all sources of acid and corrosion.
   It causes draining when unequipped.
 s - the +2 pair of boots of Ydur {rElec rC+}
   (Okawaru gifted it to you on level 11 of the Dungeon)

   It protects you from cold.
   It insulates you from electricity.
 H - a +1 pair of boots of running (worn)
 I - the +2 shield of Resistance (worn) {rF+ rC+ MR+}
   (You found it on level 9 of a ziggurat)

   It protects you from fire.
   It protects you from cold.
   It affects your resistance to hostile enchantments.
 W - the +1 pair of gloves "Fiqix" (worn) {MR+ Str+8}
   (Okawaru gifted it to you on level 6 of the Lair of Beasts)

   It affects your strength (+8).
   It affects your resistance to hostile enchantments.
 X - +15 iron dragon scales (worn)
 Z - the +0 cloak "Eninargh" (worn) {rC+ rN+ Regen+}
   (You acquired it on level 4 of the Realm of Zot)

   It protects you from cold.
   It protects you from negative energy.
   It increases your rate of regeneration.
Jewellery
 f - the ring "Sytsysupn" (right hand) {rF+ rC+ rN+ Str+4 Int-5}
   (You took it off a balrug on level 2 of Gehenna)

   [ring of protection from cold]

   It affects your strength (+4).
   It affects your intelligence (-5).
   It protects you from fire.
   It protects you from cold.
   It protects you from negative energy.
 w - the ring of Wonaurghe (left hand) {rElec Slay+6}
   (You took it off a crimson imp on level 4 of the Dungeon)

   [ring of insulation]

   It affects your accuracy and damage with ranged weapons and melee attacks
   (+6).
   It insulates you from electricity.
 x - an uncursed ring of fire
 A - the ring "Zuut" {*Corrode rElec rF+ Str+4 Slay+3}
   (You found it on level 8 of a ziggurat)

   [ring of protection from fire]

   It affects your strength (+4).
   It affects your accuracy and damage with ranged weapons and melee attacks
   (+3).
   It protects you from fire.
   It insulates you from electricity.
   It may corrode you when you take damage.
 F - an uncursed ring of magical power
 R - the ring "Tehiroe" {rF+ rN+}
   (You found it on level 6 of a ziggurat)

   [ring of positive energy]

   It protects you from fire.
   It protects you from negative energy.
 V - the amulet of Vitality (around neck) {Regen+ HP+25}
   (You bought it in a shop on level 2 of the Elven Halls)

   [amulet of regeneration]

   It affects your health (+25).
   It increases your rate of regeneration.
Wands
 g - a wand of digging (14)
Scrolls
 i - 29 scrolls of remove curse
 l - 11 scrolls of fog
 o - 28 scrolls of teleportation
 q - a scroll of blinking
 J - 7 scrolls of fear
 M - 3 scrolls of silence
 Q - 10 scrolls of magic mapping
 U - 38 scrolls of identify
Potions
 c - 2 potions of invisibility
 d - 7 potions of might
 j - 6 potions of flight
 p - 5 potions of magic
 v - 6 potions of cancellation
 z - 12 potions of ambrosia
 B - a potion of lignification
 C - 21 potions of mutation
 D - 14 potions of brilliance
 G - 3 potions of berserk rage
 K - 3 potions of agility
 T - 7 potions of haste
Books
 b - a manual of Staves
 E - a manual of Dodging
Miscellaneous
 h - a lightning rod (4/4)
 k - a figurine of a ziggurat {!*}
 t - a lamp of fire
Comestibles
 a - a chunk of flesh
 e - 59 rations {!d}


   Skills:
 O Level 27 Fighting
   Level 2.8(7.8) Long Blades
 + Level 22.3(27) Axes
 + Level 26.2(27) Polearms
 + Level 21.9(26.9) Armour
 + Level 13.5(18.5) Dodging
 + Level 16.0(21.0) Stealth
 O Level 27 Shields
 + Level 2.0 Spellcasting
 + Level 21.6 Invocations
 + Level 1.0 Evocations


You had 30 spell levels left.
You didn't know any spells.
Your spell library contained the following spells:

 Spells                   Type           Power        Failure   Level  Hunger
 Animate Skeleton         Necr           N/A          97%         1    ##.....
 Apportation              Tloc           #.....       97%         1    ##.....
 Beastly Appendage        Tmut           #.....       97%         1    ##.....
 Blink Other              Tloc           #.....       97%         1    ##.....
 Corona                   Hex            #......      97%         1    ##.....
 Flame Tongue             Conj/Fire      #....        97%         1    ##.....
 Infusion                 Chrm           #.......     97%         1    ##.....
 Magic Dart               Conj           #...         97%         1    ##.....
 Pain                     Necr           #.....       97%         1    ##.....
 Sandblast                Erth           #.....       97%         1    ##.....
 Shock                    Conj/Air       #....        97%         1    ##.....
 Slow                     Hex            #.......     97%         1    ##.....
 Sting                    Conj/Pois      #...         97%         1    ##.....
 Summon Butterflies       Summ           #.......     97%         1    ##.....
 Summon Small Mammal      Summ           #...         97%         1    ##.....
 Blink                    Tloc           N/A          99%         2    ###....
 Call Imp                 Summ           #.....       99%         2    ###....
 Corpse Rot               Necr           N/A          99%         2    ###....
 Ensorcelled Hibernation  Hex/Ice        #.....       99%         2    ###....
 Flaming Arrows           Chrm/Fire      #.......     99%         2    ###....
 Passwall                 Tmut/Erth      #.......     99%         2    ###....
 Poisonous Vapours        Pois/Air       #.....       99%         2    ###....
 Searing Ray              Conj           #.......     99%         2    ###....
 Shackle                  Hex            #.......     99%         2    ###....
 Sticks to Snakes         Tmut           #.......     99%         2    ###....
 Sublimation of Blood     Necr           #.........   99%         2    ###....
 Swiftness                Chrm/Air       #.......     99%         2    ###....
 Call Canine Familiar     Summ           #.......     100%        3    ####...
 Confuse                  Hex            #.......     100%        3    ####...
 Conjure Flame            Conj/Fire      #.......     100%        3    ####...
 Dazzling Spray           Conj/Hex       #.....       100%        3    ####...
 False Image              Hex/Summ       #.......     100%        3    ####...
 Ignite Poison            Fire/Tmut/Pois #.......     100%        3    ####...
 Inner Flame              Hex/Fire       N/A          100%        3    ####...
 Leda's Liquefaction      Hex/Erth       #.........   100%        3    ####...
 Mephitic Cloud           Conj/Pois/Air  #.......     100%        3    ####...
 Portal Projectile        Tloc           #.....       100%        3    ####...
 Recall                   Summ/Tloc      N/A          100%        3    ####...
 Regeneration             Chrm/Necr      #.........   100%        3    ####...
 Spectral Weapon          Hex/Chrm       #.......     100%        3    ####...
 Spider Form              Tmut/Pois      #..          100%        3    ####...
 Static Discharge         Air            #.......     100%        3    ####...
 Stone Arrow              Conj/Erth      #.....       100%        3    ####...
 Teleport Other           Tloc           #.......     100%        3    ####...
 Tukima's Dance           Hex            #.......     100%        3    ####...
 Vampiric Draining        Necr           #.........   100%        3    ####...
 Airstrike                Air            #.........   100%        4    #####..
 Animate Dead             Necr           N/A          100%        4    #####..
 Cause Fear               Hex            #.........   100%        4    #####..
 Ice Form                 Ice/Tmut       #.......     100%        4    #####..
 Olgreb's Toxic Radiance  Pois           #.......     100%        4    #####..
 Petrify                  Tmut/Erth      #.......     100%        4    #####..
 Sticky Flame             Conj/Fire      #.......     100%        4    #####..
 Summon Ice Beast         Ice/Summ       #.......     100%        4    #####..
 Summon Scorpions         Summ/Pois      #.......     100%        4    #####..
 Throw Icicle             Conj/Ice       #.......     100%        4    #####..
 Yara's Violent Unravell  Hex/Tmut       #.........   100%        4    #####..
 Agony                    Necr           #.......     100%        5    ######.
 Aura of Abjuration       Summ           #.........   100%        5    ######.
 Blade Hands              Tmut           #.........   100%        5    ######.
 Bolt of Draining         Conj/Necr      #.........   100%        5    ######.
 Bolt of Magma            Conj/Fire/Erth #.........   100%        5    ######.
 Dispel Undead            Necr           #.......     100%        5    ######.
 Fireball                 Conj/Fire      #.........   100%        5    ######.
 Irradiate                Conj/Tmut      #.........   100%        5    ######.
 Iskenderun's Battlesphe  Conj/Chrm      #.......     100%        5    ######.
 Lee's Rapid Deconstruct  Erth           #.........   100%        5    ######.
 Lightning Bolt           Conj/Air       #.........   100%        5    ######.
 Passage of Golubria      Tloc           N/A          100%        5    ######.
 Piercing Shot            Chrm           #.........   100%        5    ######.
 Silence                  Hex/Air        #.........   100%        5    ######.
 Summon Demon             Summ           #.........   100%        5    ######.
 Summon Forest            Summ/Tloc      #.........   100%        5    ######.
 Summon Lightning Spire   Summ/Air       #.......     100%        5    ######.
 Summon Mana Viper        Hex/Summ       #.......     100%        5    ######.
 Tree Form                Hex/Tmut       N/A          100%        5    ######.
 Venom Bolt               Conj/Pois      #.........   100%        5    ######.
 Bolt of Fire             Conj/Fire      #.........   100%        6    #######
 Borgnjor's Vile Clutch   Necr/Erth      #.........   100%        6    #######
 Conjure Ball Lightning   Conj/Air       #.........   100%        6    #######
 Darkness                 Hex            #.........   100%        6    #######
 Deflect Missiles         Chrm/Air       #.........   100%        6    #######
 Freezing Cloud           Ice/Air        #.........   100%        6    #######
 Infestation              Hex/Tmut/Pois  #........    100%        6    #######
 Invisibility             Hex            #.......     100%        6    #######
 Iron Shot                Conj/Erth      #.........   100%        6    #######
 Ozocubu's Refrigeration  Ice            #.........   100%        6    #######
 Poison Arrow             Conj/Pois      #.........   100%        6    #######
 Shadow Creatures         Summ           N/A          100%        6    #######
 Statue Form              Tmut/Erth      #........    100%        6    #######
 Summon Hydra             Summ           #.........   100%        6    #######
 Dragon Form              Tmut           #......      100%        7    #######
 Haunt                    Necr/Summ      #.........   100%        7    #######
 Icicle Burst             Conj/Ice       #.........   100%        7    #######
 Malign Gateway           Summ/Tloc      #.........   100%        7    #######
 Monstrous Menagerie      Summ           #.........   100%        7    #######
 Orb of Destruction       Conj           #.........   100%        7    #######
 Spellforged Servitor     Conj/Summ      #.........   100%        7    #######
 Summon Greater Demon     Summ           #.........   100%        7    #######
 Chain Lightning          Conj/Air       #.........   100%        8    #######
 Discord                  Hex            #.........   100%        8    #######
 Glaciate                 Conj/Ice/Air   #.........   100%        8    #######
 Ignition                 Fire           #.........   100%        8    #######
 Lehudib's Crystal Spear  Conj/Erth      #.........   100%        8    #######
 Necromutation            Tmut/Necr      #.......     100%        8    #######
 Summon Horrible Things   Summ           #.........   100%        8    #######
 Time Stop                Chrm/Tloc      N/A          100%        8    #######
 Dragon's Call            Summ           #.........   100%        9    #######
 Fire Storm               Conj/Fire      #.........   100%        9    #######
 Shatter                  Erth           #.........   100%        9    #######
 Tornado                  Air            #.........   100%        9    #######


Dungeon Overview and Level Annotations

Branches:
Dungeon (12/12)            Temple (1/1) D:6            Lair (6/6) D:7
 Shoals (3/3) Lair:3       Spider (3/3) Lair:2        Slime (5/5) Lair:5
    Orc (1/1) D:8             Elf (3/3) Orc          Vaults (3/3) D:12
  Crypt (2/2) Vaults:2       Tomb (3/3) Crypt:2      Depths (5/5) D:12
   Hell (1/1)                 Dis (2/2) Hell            Geh (2/2) Hell
    Coc (2/2) Hell            Tar (2/2) Hell            Zot (4/5) Depths:5

Altars:
Ashenzari
Cheibriados
Dithmenos
Elyvilon
Fedhas
Gozag
Hepliaklqana
Kikubaaqudgha
Lugonu
Makhleb
Nemelex Xobeh
Okawaru
Qazlal
Ru
Sif Muna
Trog
Uskayaw
Vehumet
Wu Jian
Xom
Yredelemnul
Zin
The Shining One
Beogh
Jiyva

Shops:
D:4 (?%%}   D:9 !   D:11 *   Orc :%:?(   Elf:2 =}=   Shoals:3 *   Vaults:1 [
Vaults:2 [   Depths:1 (:(!

Portals:
Hell: Depths:1 Depths:2 Depths:3 Depths:4 Depths:5
Abyss: Orc Depths:3******** Depths:4
Pandemonium: Depths:3


Innate Abilities, Weirdness & Mutations

You have a pair of large horns on your head.
You are completely covered in slimy green scales. (AC +4, rPois)
A powerful demonic guardian rushes to your aid.
You are extremely robust. (+30% HP)
When hurt, damage is shared between your health and your magic reserves.
You regenerate magic rapidly.
When low on magic, you restore magic in place of health.
You have a beak for a mouth.
Your mind is acute. (Int +2)
Your flesh is heat resistant. (rF+)


Message History

You peck the tentacled monstrosity.
The tentacled monstrosity is heavily wounded.
The redback splashes around in the water.
A tentacled monstrosity comes into view.
The tentacled monstrosity tentacle-slaps you!
* * * LOW HITPOINT WARNING * * *
The tentacled monstrosity completely misses you.
The tentacled monstrosity misses you.
The tentacled monstrosity barely misses you.
You block the merfolk javelineer's attack.
You hit the tentacled monstrosity but do no damage.
Your headbutt misses the tentacled monstrosity.
The tentacled monstrosity is heavily wounded.
You block the emperor scorpion's attack.
The emperor scorpion claws you.
* * * LOW HITPOINT WARNING * * *
The emperor scorpion barely misses you.
A swamp dragon comes into view.
The merfolk impaler hits you from afar with a +2 trident of protection!
You die...

▓▓.......
▓....m...
▓▓.....X..
▓.........
▓..N......
▓mD.§.D...
▓▓XS.......
▓@sDw...D..
▓▓sm.......
▓.........
▓.........
▓.........
▓▓........
▓........
▓▓.......


You could see 2 tentacled monstrosities, an emperor scorpion (berserk), a
nagaraja, a merfolk impaler, a merfolk javelineer, a five-headed hydra, 3 swamp
dragons, a merfolk aquamancer, a tyrant leech, a black mamba and a redback.

Vanquished Creatures
  Antaeus (Coc:2)
  Asmodeus (Geh:2)
  the Royal Jelly (Slime:5)
  Ereshkigal (Tar:2)
  Dissolution (Slime:3)
  the Serpent of Hell (Coc:2)
  2 juggernauts
  Dispater (Dis:2)
  Khufu (Tomb:3)
  An orb of fire (Zot:2)
  4 ancient liches
  Mennas (Tomb:2)
  5 shard shrikes (Coc:2)
  12 golden dragons
  10 greater mummies
  Sojobo (Depths:2)
  5 Killer Klowns (Zig:13)
  Bai Suzhen (Depths:3)
  Gastronok (D:9)
  A caustic shrike (Zig:6)
  Geryon (Hell)
  Jory (Crypt:2)
  3 profane servitors
  2 electric golems
  A Hellbinder (WizLab)
  29 Brimstone Fiends
  25 bone dragons
  2 pearl dragons (Zig:10)
  40 Shadow Fiends
  2 iron giants
  6 doom hounds (Tar:2)
  A hellephant (Abyss:5)
  13 liches
  Jorgrun (Elf:1)
  10 Hell Sentinels
  17 tentacled monstrosities
  19 Ice Fiends
  3 pandemonium lords (Zig:13)
  2 Orb Guardians
  A quicksilver dragon (shapeshifter) (Depths:4)
  4 deep elf blademasters
  A kraken (Shoals:2)
  2 deep elf master archers (Elf:3)
  25 acid blobs
  Polyphemus (Shoals:2)
  3 titans (Vaults:3)
  6 quicksilver dragons
  11 sphinxes
  18 ancient champions
  The ghost of MisterOstroum the Fighter, an adept TrTm of Cheibriados (Shoals:3)
  6 eldritch tentacles
  9 death cobs
  4 Executioners
  16 shadow dragons
  30 tentacled starspawn
  14 storm dragons
  5 tengu reavers
  3 daevas
  17 fire giants
  9 frost giants
  9 azure jellies
  5 revenants
  6 draconian monks
  6 ghost moths
  15 balrugs
  13 vault wardens
  A ghost moth (shapeshifter) (Depths:4)
  4 draconian knights
  6 draconian scorchers
  7 deep elf sorcerers
  2 fire giants (shapeshifter)
  6 draconian shifters
  2 ghouls
  8 emperor scorpions
  8 draconian annihilators
  5 cacodemons
  5 iron dragons
  8 angels
  3 draconian stormcallers (Zig:12)
  6 deep elf elementalists (Elf:3)
  A stone giant (shapeshifter) (Depths:4)
  3 curse skulls
  27 stone giants
  8 ironheart preservers
  60 reapers
  32 very ugly things
  18 war gargoyles
  An entropy weaver (shapeshifter) (Depths:4)
  6 vampire knights
  3 ophanim
  5 entropy weavers
  A black sun (WizLab)
  105 starcursed masses
  9 green draconians
  A corrupter (Abyss:5)
  11 black draconians
  A dire elephant (shapeshifter) (Zig:13)
  11 deep elf annihilators
  5 lorocyprocas
  6 deep elf demonologists
  6 purple draconians
  11 spark wasps
  6 bennus
  6 yellow draconians
  9 white draconians
  A merfolk javelineer (Shoals:3)
  6 red draconians
  6 deep elf death magi
  6 eidola
  15 blizzard demons
  13 mummy priests
  17 death oozes
  Snorg (D:12)
  14 fire dragons
  15 jiangshi
  7 ettins
  11 crystal guardians
  4 green deaths
  A fire dragon (shapeshifter) (Vaults:3)
  4 merfolk impalers
  6 quicksilver dragon zombies
  5 quicksilver dragon skeletons
  A kraken zombie (Hell)
  2 deep elf high priests (Elf:3)
  11 yaktaur captains
  19 great orbs of eyes
  A great orb of eyes (shapeshifter) (Abyss:5)
  26 ice dragons
  2 hell beasts (WizLab)
  6 ogre magi
  11 rakshasas
  30 vault guards
  3 naga warriors (Abyss:5)
  A hydra (shapeshifter) (Depths:4)
  6 hydras
  5 ghost crabs
  A shambling mangrove (Abyss:4)
  5 death knights
  A catoblepas (Shoals:1)
  7 centaur warriors
  6 merfolk aquamancers
  2 merfolk avatars
  2 spriggan air magi
  3 alligator snapping turtles
  A satyr (shapeshifter) (Depths:4)
  A two-headed ogre (shapeshifter) (Zig:13)
  16 two-headed ogres
  5 satyrs
  61 death scarabs
  47 dancing weapons
  9 deep troll earth magi
  6 vampire magi
  5 death yaks
  17 hell hogs
  A tengu warrior (Depths:3)
  A death yak (shapeshifter) (Depths:4)
  58 thrashing horrors
  6 titan zombies
  4 spriggan berserkers
  19 sun demons
  8 deep troll shamans
  6 orc high priests
  7 titan skeletons
  Sonja (D:10)
  8 storm dragon zombies
  14 soul eaters
  23 deep elf knights
  30 wretched stars
  3 iron golems
  48 hell knights
  9 iron trolls
  17 deep trolls
  8 golden dragon zombies
  14 shadow wraiths
  2 fire crabs
  A fire crab (shapeshifter) (Vaults:3)
  10 unseen horrors
  A salamander mystic (Depths:5)
  4 cherubim
  73 skeletal warriors
  15 sea snakes
  9 sixfirhies
  An unseen horror (shapeshifter) (Depths:4)
  2 ghost moth zombies
  A gelid demonspawn (Orc)
  17 spatial maelstroms
  A quicksilver dragon simulacrum (Coc:2)
  4 wizards
  A death drake (Tar:2)
  A death drake (shapeshifter) (Depths:4)
  5 swamp dragons
  2 storm dragon skeletons
  7 anaconda zombies
  A torturous demonspawn (Orc)
  8 shadow dragon zombies
  14 glowing orange brains
  12 shadow demons
  13 flayed ghosts
  15 deep elf archers
  4 obsidian statues
  17 phantasmal warriors
  21 necromancers
  11 ironbrand convokers
  7 cyclopes
  78 large abominations
  2 harpies (shapeshifter)
  9 stone giant zombies
  7 harpies
  An orb spider (shapeshifter) (D:11)
  5 orc knights
  3 iron dragon zombies
  2 lindwurms
  3 wolf spider zombies
  A mana viper (shapeshifter) (Depths:4)
  9 anaconda skeletons
  8 orc sorcerers
  7 orb spiders
  A statue (Abyss:5)
  5 shadow dragon skeletons
  A wolf spider (shapeshifter) (Depths:4)
  5 golden dragon skeletons
  7 salamanders
  8 shining eyes
  12 manticores
  62 deep elf magi
  29 wolf spiders
  6 fire giant zombies
  4 frost giant zombies
  18 fauns
  37 ugly things
  6 iron dragon skeletons
  58 slime creatures
  A sphinx skeleton (Zig:7)
  16 worldbinders
  4 dire elephant zombies
  2 salamanders (shapeshifter)
  18 moths of wrath
  18 elephants
  2 ice statues
  39 rust devils
  2 guardian serpents (shapeshifter)
  34 smoke demons
  9 vault sentinels
  A shock serpent zombie (Tar:2)
  3 naga magi
  13 molten gargoyles
  6 frost giant skeletons
  A stone giant skeleton (Tar:2)
  6 eyes of devastation
  10 merfolk sirens
  7 fire giant skeletons
  6 torpor snails
  4 black mambas
  A black mamba (shapeshifter) (Depths:1)
  13 apocalypse crabs
  11 guardian serpents
  2 storm dragon simulacra (Coc:2)
  A cane toad (shapeshifter) (Vaults:3)
  6 gargoyles
  10 cane toads
  9 efreet
  3 emperor scorpion zombies
  2 shock serpent skeletons
  3 titan simulacra (Coc:2)
  6 orange demons
  25 hellions
  A catoblepas zombie (Geh:2)
  38 freezing wraiths
  4 dire elephant skeletons
  5 rime drakes
  2 tengu conjurers (Depths:3)
  7 kobold demonologists
  21 tormentors
  2 red draconian skeletons
  24 ice devils
  An elephant slug zombie (Crypt:1)
  39 guardian mummies
  5 komodo dragons
  16 hellwings
  4 centaur skeletons
  20 demonic crawlers
  A harpy zombie (Geh:2)
  A pale draconian skeleton (Crypt:2)
  55 yaktaurs
  A purple draconian skeleton (Geh:2)
  6 anaconda simulacra
  A catoblepas skeleton (Tar:2)
  A sea snake skeleton (Crypt:1)
  22 red devils
  3 trolls
  30 ancient zymes
  7 hydra zombies
  A meliai (shapeshifter) (Depths:4)
  20 merfolk
  10 wind drakes
  6 silent spectres
  4 tyrant leeches (Lair:6)
  20 hornets
  4 meliai
  A hornet (shapeshifter) (Depths:4)
  A polar bear (shapeshifter) (Elf:3)
  A wolf spider simulacrum (Abyss:5)
  19 blink frogs
  20 jumping spiders
  A shadow dragon simulacrum (Coc:1)
  4 alligator zombies
  A jumping spider zombie (Crypt:1)
  4 fire dragon zombies
  2 iron dragon simulacra
  87 raiju
  A raiju (shapeshifter) (Vaults:3)
  A wind drake (shapeshifter) (Abyss:2)
  A snapping turtle (shapeshifter) (Depths:4)
  A bog body (Crypt:2)
  15 polar bears
  6 hydra skeletons
  A stone giant simulacrum (Coc:2)
  A dream sheep (shapeshifter) (Depths:3)
  20 dream sheep
  16 hippogriffs
  4 harpy skeletons
  2 ettin zombies
  A fire giant simulacrum (Coc:2)
  2 frost giant simulacra (Coc:2)
  14 snapping turtles
  2 blink frogs (shapeshifter)
  11 ice dragon skeletons
  3 spriggans
  9 ettin skeletons
  4 ice dragon zombies
  A redback (shapeshifter) (Depths:3)
  22 shadows
  114 flying skulls
  7 air elementals
  3 alligator skeletons
  A tarantella (shapeshifter) (Abyss:5)
  A black mamba zombie (Crypt:2)
  65 redbacks
  22 water elementals
  34 wraiths
  61 yaks
  15 ynoxinuls
  A spriggan (shapeshifter) (Depths:5)
  5 vampires
  5 fire dragon skeletons
  30 tarantellas
  6 basilisks
  2 humans (shapeshifter)
  3 black mamba skeletons
  4 fire bats
  27 fire elementals
  22 neqoxecs
  5 ushabtiu
  A basilisk (shapeshifter) (D:12)
  3 steam dragons (Lair:6)
  A vampire mosquito (Zig:3)
  A wyvern (shapeshifter) (Vaults:3)
  2 hungry ghosts
  23 chaos spawn
  16 spatial vortices (Abyss:5)
  2 infernal demonspawn zombies
  A swamp worm (shapeshifter) (Zig:13)
  3 insubstantial wisps
  A deep troll zombie (Vaults:2)
  An acid dragon (shapeshifter) (D:12)
  43 hell hounds
  A torturous demonspawn zombie (Coc:2)
  A warg (Orc)
  10 nagas
  3 acid dragons
  14 crocodiles
  11 water moccasins
  5 cane toad zombies
  2 hydra simulacra (Coc:2)
  A torturous demonspawn skeleton (Crypt:1)
  2 merfolk skeletons
  A monstrous demonspawn skeleton (Geh:2)
  5 porcupines
  A hornet zombie (D:12)
  A floating eye (Depths:5)
  45 small abominations
  12 eyes of draining
  41 orc warriors
  4 sky beasts
  Purgy (D:4)
  3 cane toad skeletons
  2 manticore zombies
  An ettin simulacrum (Abyss:5)
  10 phantoms
  2 snapping turtle zombies
  2 black bears
  3 ice beasts
  17 necrophages
  16 ogres
  4 manticore skeletons
  5 centaurs
  2 swamp dragon zombies
  A lindwurm zombie (Crypt:1)
  10 boggarts
  A snapping turtle skeleton (Geh:2)
  28 wolves
  A wolf (shapeshifter) (Depths:5)
  A swamp dragon skeleton (Crypt:2)
  An elf zombie (Coc:2)
  5 big kobolds
  10 bullfrogs
  A gnoll sergeant (D:6)
  12 earth elementals
  A water moccasin zombie (D:6)
  2 elf skeletons (Crypt:1)
  A wyvern skeleton (Crypt:2)
  8 scorpions
  20 killer bees
  A spriggan zombie (Dis:2)
  A snapping turtle simulacrum (Tar:1)
  66 wights
  3 electric eels (Bailey)
  A howler monkey (D:7)
  A spriggan skeleton (Geh:1)
  9 centaur zombies
  2 quasits
  5 lava snakes (Lair:3)
  15 crimson imps
  12 hounds
  A jelly (D:9)
  13 orc wizards
  23 orc priests
  7 human zombies
  4 iguanas
  9 iron imps
  9 hell rats (Hell)
  2 human skeletons
  6 worker ants
  A big kobold zombie (Ossuary)
  An ogre zombie (Geh:1)
  A deep dwarf zombie (Crypt:1)
  A tengu zombie (Geh:1)
  A big kobold skeleton (Crypt:2)
  A hound skeleton (Crypt:2)
  47 mummies
  2 worker ant zombies
  2 howler monkey zombies
  11 gnolls
  6 adders
  A naga simulacrum (Abyss:5)
  7 shadow imps
  7 white imps
  2 ufetubi (Abyss:2)
  2 oozes
  2 worms
  2 dart slugs (D:3)
  7 leopard geckos
  86 orcs
  2 ball pythons
  8 bats
  5 giant cockroaches
  2 gnoll zombies (Ossuary)
  13 goblins
  14 hobgoblins
  5 jackals
  23 kobolds
  5 quokkas
  5 frilled lizards
  2 kobold skeletons
  2 kobold zombies
  An orc zombie (Ossuary)
  6 rats
  3 fire vortices (Geh:2)
  3 fungi (Lair:5)
  5 lurking horrors
  18 plants
  33 starspawn tentacles
  6 tentacles
4661 creatures vanquished.

Vanquished Creatures (collateral kills)
  Mara (Tomb:1)
  A greater mummy (Tomb:3)
  A Killer Klown (Zig:4)
  3 shard shrikes (Coc:2)
  A bone dragon (Tar:2)
  A pearl dragon (Zig:10)
  A doom hound (Tar:2)
  3 Shadow Fiends (Tar:2)
  A Brimstone Fiend (Geh:2)
  An iron giant (Zig:8)
  A hellephant (Abyss:5)
  A Hell Sentinel (Dis:2)
  A deep elf master archer (Zig:9)
  An ancient champion (Dis:2)
  2 tentacled starspawn (Abyss:5)
  A death cob (Zot:2)
  A blood saint (Abyss:5)
  A balrug (Geh:2)
  A daeva (Zig:10)
  2 ghost moths (Zig:14)
  A fire giant (shapeshifter) (Zig:4)
  A stone giant (Depths:5)
  A deep elf elementalist (Vaults:3)
  2 war gargoyles (Dis:2)
  4 reapers
  2 entropy weavers (Zig:14)
  An ironheart preserver (Vaults:3)
  3 vampire knights
  An ophan (Zig:10)
  3 very ugly things
  A green draconian (Zig:12)
  2 red draconians (Zig:12)
  A merfolk javelineer (Shoals:3)
  An ettin (Depths:1)
  A blizzard demon (Coc:2)
  An eidolon (Tar:2)
  2 mummy priests (Tomb:3)
  3 yaktaur captains
  A jiangshi (Crypt:1)
  A deep elf high priest (Zig:9)
  A monstrous demonspawn (Abyss:5)
  An ice dragon (Depths:2)
  3 vault guards
  An alligator (shapeshifter) (Depths:4)
  3 two-headed ogres (Vaults:1)
  A dancing weapon (Zig:9)
  4 hell hogs
  A vampire mage (Abyss:5)
  7 death scarabs (Tomb:3)
  A deep troll shaman (Depths:5)
  2 thrashing horrors (Abyss:5)
  3 soul eaters (Tar:2)
  A deep troll (Depths:1)
  A wretched star (Abyss:5)
  3 hell knights
  A death drake (Abyss:5)
  2 skeletal warriors
  A sea snake (shapeshifter) (Vaults:3)
  A cherub (Zig:10)
  A shadow demon (Tar:2)
  2 deep elf archers
  3 orb spiders (Zig:14)
  A wizard (Depths:2)
  A cyclops (D:12)
  4 necromancers (Dis:2)
  3 deep elf magi
  An ugly thing (Abyss:5)
  A wolf spider (Zig:14)
  4 moths of wrath
  A worldbinder (Abyss:5)
  A salamander (Depths:5)
  An elephant (Lair:4)
  A rust devil (Zig:8)
  3 vault sentinels
  3 torpor snails (Zig:14)
  A fire giant skeleton (Crypt:1)
  An orange demon (Abyss:5)
  A smoke demon (Orc)
  A cane toad (Lair:4)
  A rime drake (Lair:6)
  An ice devil (Tar:2)
  5 guardian mummies
  7 yaktaurs
  A hydra zombie (Coc:2)
  2 ancient zymes
  4 red devils (Geh:2)
  A jumping spider (shapeshifter) (D:11)
  2 jumping spiders
  A hydra skeleton (Coc:2)
  A hornet (Lair:6)
  A harpy skeleton (Geh:2)
  3 raiju (Abyss:5)
  4 large abominations
  A dream sheep (Lair:6)
  3 slime creatures
  3 flying skulls (Zig:7)
  A hippogriff (D:7)
  2 redbacks
  2 ynoxinuls (Abyss:5)
  A shadow (Zig:8)
  An air elemental (Depths:4)
  3 wraiths
  2 tarantellas
  A chaos spawn (Zig:4)
  A spatial vortex (Abyss:5)
  2 hell hounds
  2 small abominations (Abyss:5)
  A water moccasin (shapeshifter) (Depths:5)
  A floating eye (shapeshifter) (Abyss:5)
  A centaur (D:8)
  A killer bee (D:9)
  3 wights
  A crimson imp (D:8)
  23 starcursed masses (Abyss:5)
  An orc priest (Orc)
  2 orc wizards (D:8)
  A worker ant (D:7)
  A naga skeleton (Tar:2)
  4 mummies
  A gnoll (D:7)
  A shadow imp (Tar:2)
  4 orcs
  6 starspawn tentacles (Abyss:5)
243 creatures vanquished.

Vanquished Creatures (others)
  A tentacled monstrosity (Abyss:4)
  A kraken (Abyss:4)
  2 eldritch tentacles
  A frost giant (Depths:2)
  An ironheart preserver (Vaults:3)
  2 elemental wellsprings (Coc:2)
  A bennu (Tomb:2)
  A lorocyproca (Hell)
  A rakshasa (Abyss:5)
  2 hell hogs
  8 death scarabs
  A wretched star (Abyss:5)
  A glowing orange brain (Abyss:5)
  An anaconda skeleton (Geh:2)
  A necromancer (Dis:2)
  2 worldbinders (Abyss:5)
  An iron dragon skeleton (Geh:2)
  A molten gargoyle (Geh:2)
  2 hellions (Geh:2)
  2 raiju (Abyss:5)
  A wolf spider simulacrum (Abyss:5)
  A hydra skeleton (Geh:2)
  A flying skull (Dis:2)
  3 water elementals (Depths:4)
  8 small abominations (Abyss:5)
  3 fire elementals
  5 golden eyes (Abyss:5)
  2 chaos spawn (Abyss:5)
  2 spatial vortices (Abyss:5)
  A neqoxec (Abyss:5)
  2 large abominations (Abyss:5)
  2 wights
  2 starcursed masses (Abyss:5)
  A jelly (Abyss:5)
  2 iron imps (Dis:2)
  A mummy (Tomb:2)
  12 ball lightnings (Depths:4)
  3 orcs (D:9)
  2 bushes (Abyss:5)
  4 demonic plants (Abyss:5)
  A fire vortex (Geh:2)
  3 fungi (Lair:6)
  5 lurking horrors
  74 plants
  48 starspawn tentacles
  9 tentacles
231 creatures vanquished.

Grand Total: 5135 creatures vanquished

Notes
Turn   | Place    | Note
-------+----------+-------------------------------------------
     0 | D:1      | galech the Demonspawn Fighter began the quest for the Orb.
     0 | D:1      | Reached XP level 1. HP: 18/18 MP: 1/1
    86 | D:1      | Gained mutation: You have a pair of small horns on your
                  | head. [demonic ancestry]
    86 | D:1      | Reached XP level 2. HP: 24/24 MP: 2/2
   523 | D:1      | Reached XP level 3. HP: 26/29 MP: 3/3
   764 | D:2      | Found a snail-covered altar of Cheibriados.
   888 | D:2      | Found a bloodstained altar of Trog.
   902 | D:2      | Found a shattered altar of Ashenzari.
   938 | D:2      | Reached XP level 4. HP: 26/36 MP: 4/4
  1468 | D:3      | Found a sacrificial altar of Ru.
  1469 | D:3      | Found a hazy altar of Hepliaklqana.
  1469 | D:3      | Found an opulent altar of Gozag.
  1477 | D:3      | Found a hide-covered altar of Uskayaw.
  1836 | D:3      | Gained mutation: When hurt, damage is shared between your
                  | health and your magic reserves. [demonic ancestry]
  1836 | D:3      | Reached XP level 5. HP: 20/42 MP: 5/5
  2022 | D:3      | Reached skill level 1 in Dodging
  2286 | D:3      | Found a basalt altar of Yredelemnul.
  2399 | D:4      | Gained mutation: You regenerate magic rapidly. [demonic
                  | ancestry]
  2399 | D:4      | Reached XP level 6. HP: 47/48 MP: 6/6
  2457 | D:4      | Found Seot's Food Shoppe.
  2484 | D:4      | Identified the ring of Wonaurghe {rElec Slay+6}
  2487 | D:4      | Gained mutation: When low on magic, you restore magic in
                  | place of health. [demonic ancestry]
  2487 | D:4      | Reached XP level 7. HP: 54/54 MP: 7/7
  2579 | D:4      | Found Lastiaz's Gadget Boutique.
  2650 | D:4      | Found Gaakkim's Food Emporium.
  2777 | D:4      | Noticed Purgy
  2786 | D:4      | Killed Purgy
  2786 | D:4      | Reached skill level 5 in Axes
  3042 | D:4      | Found Nuegyirr's Magic Scroll Boutique.
  3048 | D:4      | Found Loburese's Weapon Shop.
  3050 | D:4      | Bought a scroll of magic mapping for 49 gold pieces
  3050 | D:4      | Bought a scroll of teleportation for 42 gold pieces
  3050 | D:4      | Bought a scroll of identify for 28 gold pieces
  3250 | D:5      | Entered Level 5 of the Dungeon
  3408 | D:5      | Found a sand-covered staircase.
  3452 | Ossuary  | Entered an ossuary
  3603 | Ossuary  | Gained mutation: You are partially covered in slimy green
                  | scales. (AC +2) [demonic ancestry]
  3603 | Ossuary  | Reached XP level 8. HP: 61/61 MP: 8/8
  4100 | D:5      | Found an ornate altar of the Wu Jian Council.
  4725 | D:6      | Reached skill level 5 in Fighting
  4762 | D:6      | Found a staircase to the Ecumenical Temple.
  4776 | Temple   | Entered the Ecumenical Temple
  5042 | D:6      | Reached skill level 5 in Shields
  5545 | D:6      | Gained mutation: A weak demonic guardian rushes to your
                  | aid. [demonic ancestry]
  5545 | D:6      | Reached XP level 9. HP: 67/69 MP: 9/9
  5556 | D:7      | Reached skill level 1 in Stealth
  5655 | D:7      | Reached skill level 5 in Armour
  5956 | D:7      | Found a staircase to the Lair.
  6331 | D:8      | Found a radiant altar of Vehumet.
  6385 | D:8      | Noticed a two-headed ogre
  6399 | D:8      | Killed a two-headed ogre
  6564 | D:8      | Gained mutation: You have a pair of horns on your head.
                  | [demonic ancestry]
  6564 | D:8      | Reached XP level 10. HP: 61/77 MP: 8/10
  6750 | D:8      | Found an iron altar of Okawaru.
  6771 | D:8      | Became a worshipper of Warmaster Okawaru
  6836 | D:8      | Found a blossoming altar of Fedhas.
  6997 | D:8      | Reached * piety under Okawaru
  7428 | D:8      | Found a staircase to the Orcish Mines.
  7510 | D:9      | Found Neosec's Distillery.
  7540 | D:9      | Reached skill level 10 in Axes
  7545 | D:9      | Bought a potion of curing for 42 gold pieces
  7545 | D:9      | Bought a potion of heal wounds for 70 gold pieces
  7690 | D:9      | Reached ** piety under Okawaru
  7766 | D:9      | Found a sparkling altar of Nemelex Xobeh.
  7766 | D:9      | Found a glowing silver altar of Zin.
  7788 | D:9      | Noticed Gastronok
  7804 | D:9      | Killed Gastronok
  7804 | D:9      | Reached *** piety under Okawaru
  7804 | D:9      | Gained mutation: You are mostly covered in slimy green
                  | scales. (AC +3) [demonic ancestry]
  7804 | D:9      | Reached XP level 11. HP: 43/85 MP: 9/11
  8283 | D:9      | Found a roughly hewn altar of Beogh.
  8506 | D:10     | Entered Level 10 of the Dungeon
  8616 | D:10     | Reached **** piety under Okawaru
  8691 | D:10     | Noticed a deep elf mage
  8708 | D:10     | Killed a deep elf mage
  8938 | D:10     | Noticed Sonja
  9441 | D:11     | Noticed a fire crab
  9560 | D:11     | Noticed a green ugly thing
  9565 | D:11     | Killed a green ugly thing
  9610 | D:11     | Noticed a cyclops
  9621 | D:11     | Killed a cyclops
  9621 | D:11     | Reached ***** piety under Okawaru
  9630 | D:11     | Found Fimoanaz's Assorted Antiques.
  9658 | D:11     | Found a flagged portal.
  9668 | Bailey   | Entered a bailey
  9719 | Bailey   | Found an iron altar of Okawaru.
  9719 | Bailey   | Noticed an orc sorcerer
  9719 | Bailey   | Noticed an orc sorcerer
  9732 | Bailey   | Killed an orc sorcerer
  9740 | Bailey   | Killed an orc sorcerer
  9740 | Bailey   | Reached skill level 1 in Invocations
  9852 | Bailey   | Noticed an orc knight
  9874 | Bailey   | Killed an orc knight
 10103 | Bailey   | Gained mutation: You have a pair of large horns on your
                  | head. [demonic ancestry]
 10103 | Bailey   | Reached XP level 12. HP: 58/94 MP: 8/12
 10425 | Bailey   | Got a jade-encrusted ring mail
 10477 | Bailey   | Identified the +1 ring mail "Mutweemm" {Dex+2} (You found
                  | it in a bailey)
 10748 | D:11     | Received a gift from Okawaru
 10751 | D:11     | Got a pair of pitted boots {god gift}
 10757 | D:11     | Identified the +2 pair of boots of Ydur {rElec rC+}
                  | (Okawaru gifted it to you on level 11 of the Dungeon)
 10897 | D:11     | Noticed a centaur warrior
 10908 | D:11     | Killed a centaur warrior
 11529 | D:11     | Found a stormy altar of Qazlal.
 11734 | D:11     | Found an opulent altar of Gozag.
 12054 | Orc      | Entered the Orcish Mines
 12402 | Orc      | Found a staircase to the Elven Halls.
 12491 | Orc      | Found Nin Zyul's Book Boutique.
 12785 | Orc      | Found Kedoebb's Food Shop.
 12817 | Orc      | Found Tecovuilary's Magic Scroll Boutique.
 13304 | Orc      | Reached XP level 13. HP: 29/103 MP: 6/14
 13785 | Orc      | Reached skill level 10 in Fighting
 14456 | Orc      | Reached ****** piety under Okawaru
 14456 | Orc      | Received a gift from Okawaru
 14639 | Orc      | Found Tooron's Antique Weapon Emporium.
 14639 | Orc      | Found Ufoeniruemm's Book Shoppe.
 14639 | Orc      | Found a one-way gate leading to the halls of Pandemonium.
 14668 | Orc      | Bought a glowing broad axe for 140 gold pieces
 14867 | Lair:1   | Entered Level 1 of the Lair of Beasts
 14904 | Lair:1   | Found a frozen archway.
 14935 | IceCv    | Entered an ice cave
 15315 | IceCv    | Got a distressingly furry ring mail
 15326 | IceCv    | Identified the +2 ring mail of Wias Bes {Slay+6 SInv} (You
                  | found it in an ice cave)
 15765 | IceCv    | Noticed a frost giant
 15779 | IceCv    | Killed a frost giant
 15779 | IceCv    | Received a gift from Okawaru
 15779 | IceCv    | Reached skill level 15 in Axes
 15812 | IceCv    | Gained mutation: You are robust. (+10% HP) [demonic
                  | ancestry]
 15812 | IceCv    | Reached XP level 14. HP: 46/122 MP: 15/15
 16487 | D:4      | Bought a scroll of magic mapping for 49 gold pieces
 17978 | Lair:2   | Reached skill level 1 in Long Blades
 18154 | Lair:2   | Found a hole to the Spider Nest.
 18315 | Lair:2   | Got a scintillating bronze ring
 18454 | Lair:2   | Identified the ring "Teghint" {Int+2 Dex+4} (You found it
                  | on level 2 of the Lair of Beasts)
 18962 | Lair:3   | Found a staircase to the Shoals.
 19555 | Lair:4   | Got a crude leather armour
 19571 | Lair:4   | Identified the +1 leather armour "Codar" {Stlth+} (You
                  | found it on level 4 of the Lair of Beasts)
 20389 | Lair:4   | Reached skill level 10 in Shields
 20404 | Lair:4   | Received a gift from Okawaru
 20825 | Lair:5   | Found a staircase to the Slime Pits.
 20830 | Lair:5   | Found a viscous altar of Jiyva.
 21244 | Lair:6   | Entered Level 6 of the Lair of Beasts
 21456 | Lair:6   | Received a gift from Okawaru
 21478 | Lair:6   | Got a pair of fine gloves {god gift}
 21493 | Lair:6   | Reached XP level 15. HP: 118/132 MP: 17/17
 21517 | Lair:6   | Identified the +1 pair of gloves "Fiqix" {MR+ Str+8}
                  | (Okawaru gifted it to you on level 6 of the Lair of Beasts)
 21668 | Lair:6   | Reached skill level 5 in Dodging
 22253 | Lair:6   | Found a runed door.
 23107 | D:12     | Entered Level 12 of the Dungeon
 23108 | D:12     | Noticed Snorg
 23114 | D:12     | Killed Snorg
 23151 | D:12     | Noticed a fire giant
 23248 | D:12     | Found a gate to the Vaults.
 23348 | D:12     | Received a gift from Okawaru
 24063 | D:12     | Found a staircase to the Depths.
 24241 | D:12     | Killed a fire giant
 24964 | D:10     | Killed Sonja
 24964 | D:10     | Reached skill level 5 in Stealth
 25052 | Elf:1    | Entered Level 1 of the Elven Halls
 25321 | Elf:1    | Noticed Jorgrun
 25345 | Elf:1    | Killed Jorgrun
 25698 | Elf:1    | Received a gift from Okawaru
 25705 | Elf:1    | Got a polished plate armour {god gift}
 25719 | Elf:1    | Identified the +9 plate armour "Hidumuv" {+Blink Str+3}
                  | (Okawaru gifted it to you on level 1 of the Elven Halls)
 25984 | Elf:1    | Reached XP level 16. HP: 141/141 MP: 19/19
 26846 | Elf:2    | Found a runed gate.
 26846 | Elf:2    | Found a runed gate.
 26846 | Elf:2    | Found a runed gate.
 26911 | Elf:2    | Found Peollepn's Gadget Emporium.
 26912 | Elf:2    | Found Tuteas's Jewellery Boutique.
 26912 | Elf:2    | Found Lott's Jewellery Boutique.
 27182 | Elf:2    | Bought the amulet of Vitality {Regen+ HP+25} for 1363 gold
                  | pieces
 27182 | Elf:2    | Found the amulet of Vitality {Regen+ HP+25}
 27279 | Elf:2    | Received a gift from Okawaru
 28002 | Elf:3    | Entered Level 3 of the Elven Halls
 28107 | Elf:3    | Reached skill level 10 in Armour
 28648 | Elf:3    | Gained mutation: You are very robust. (+20% HP) [demonic
                  | ancestry]
 28648 | Elf:3    | Reached XP level 17. HP: 165/165 MP: 20/20
 28728 | Elf:3    | Identified the cursed +0 quarterstaff "Muosil" {speed,
                  | Int+2}
 28877 | Elf:3    | Noticed a deep elf blademaster
 28886 | Elf:3    | Killed a deep elf blademaster
 28901 | Elf:3    | Cast into level 1 of the Abyss (a deep elf demonologist)
 29043 | Abyss:1  | Received a gift from Okawaru
 29290 | Elf:3    | Escaped the Abyss
 29310 | Elf:3    | Noticed a deep elf blademaster
 29320 | Elf:3    | Noticed a deep elf master archer
 29330 | Elf:3    | Killed a deep elf blademaster
 29536 | Elf:3    | Received a gift from Okawaru
 29541 | Elf:3    | Reached skill level 5 in Invocations
 29544 | Elf:3    | Noticed a Shadow Fiend
 29565 | Elf:3    | Killed a deep elf master archer
 29597 | Elf:3    | Received a gift from Okawaru
 29597 | Elf:3    | Noticed a deep elf master archer
 29605 | Elf:3    | Killed a deep elf master archer
 29824 | Elf:3    | Identified the cursed +1 flail "Spiderbane" {flame, *Slow
                  | rPois rF+ Int+4}
 29824 | Elf:3    | Identified the +4 falchion of Demonkind {freeze, rElec
                  | Str+2}
 30717 | Spider:1 | Entered Level 1 of the Spider Nest
 30996 | Shoals:1 | Entered Level 1 of the Shoals
 31141 | Shoals:1 | Reached XP level 18. HP: 134/177 MP: 22/22
 31186 | Shoals:1 | Found a flickering gateway to a bazaar.
 31192 | Bazaar   | Entered a bazaar
 31326 | Bazaar   | Found Fonuz's Armour Emporium.
 31341 | Bazaar   | Found Hula's Weapon Emporium.
 31356 | Bazaar   | Found Voargha's Antique Armour Emporium.
 31356 | Bazaar   | Found Usyl's Gadget Shoppe.
 31378 | Bazaar   | Found Uhehuwiu's Distillery.
 31378 | Bazaar   | Found Buyvo's General Store.
 31419 | Bazaar   | Bought a potion of haste for 120 gold pieces
 31419 | Bazaar   | Bought a potion of mutation for 96 gold pieces
 31419 | Bazaar   | Bought a potion of mutation for 96 gold pieces
 31419 | Bazaar   | Bought a potion of mutation for 96 gold pieces
 31419 | Bazaar   | Bought a potion of curing for 36 gold pieces
 31419 | Bazaar   | Bought a potion of curing for 36 gold pieces
 31419 | Bazaar   | Bought a potion of curing for 36 gold pieces
 31419 | Bazaar   | Bought 2 potions of curing for 72 gold pieces
 31419 | Bazaar   | Bought a potion of heal wounds for 60 gold pieces
 31419 | Bazaar   | Bought 2 potions of curing for 72 gold pieces
 31425 | Bazaar   | Bought a potion of might for 56 gold pieces
 31651 | Shoals:1 | Received a gift from Okawaru
 31651 | Shoals:1 | Reached skill level 15 in Fighting
 32168 | Shoals:2 | Noticed Polyphemus
 32307 | Shoals:2 | Killed Polyphemus
 32782 | Shoals:2 | Received a gift from Okawaru
 33304 | Shoals:3 | Entered Level 3 of the Shoals
 33402 | Shoals:3 | Identified the +3 morningstar of the Ring {flame, *Drain
                  | Int+6}
 33662 | Shoals:3 | Received a gift from Okawaru
 34008 | Shoals:3 | Got a barnacled rune of Zot
 34241 | Shoals:3 | Found a runed translucent gate.
 34244 | Shoals:3 | Found a runed translucent gate.
 34244 | Shoals:3 | Found a runed translucent gate.
 34245 | Shoals:3 | Found an opulent altar of Gozag.
 34248 | Shoals:3 | Noticed MisterOstroum's ghost (adept TrTm)
 34249 | Shoals:3 | Found Mewopray's Assorted Antiques.
 34267 | Shoals:3 | Killed MisterOstroum's ghost
 34587 | Shoals:3 | Bought a potion of heal wounds for 100 gold pieces
 34931 | Slime:1  | Entered Level 1 of the Pits of Slime
 35237 | Slime:2  | Reached XP level 19. HP: 110/188 MP: 16/23
 35556 | Slime:3  | Noticed Dissolution
 35590 | Slime:4  | Identified the +0 robe of the Distant Future {*Drain rN+
                  | Str+4 Dex+2} (Okawaru gifted it to you on level 4 of the
                  | Pits of Slime)
 35590 | Slime:4  | Received a gift from Okawaru
 35705 | Slime:3  | Killed Dissolution
 35719 | Slime:5  | Entered Level 5 of the Pits of Slime
 35875 | Slime:5  | Noticed the Royal Jelly
 36031 | Slime:4  | HP: 3/213 [acid blob (17)]
 36031 | Slime:4  | Splashed by an acid blob's acid
 36032 | Slime:4  | Reached XP level 18. HP: -2/206 MP: 0/22
 36254 | Slime:5  | Killed the Royal Jelly
 36254 | Slime:5  | Received a gift from Okawaru
 36694 | Slime:5  | Identified a +1 pair of boots of running (Okawaru gifted it
                  | to you on level 5 of the Pits of Slime)
 36694 | Slime:5  | Received a gift from Okawaru
 36959 | Slime:5  | Identified the +1 plate armour of the Eleven Demons {rElec
                  | rN+ MR-}
 36988 | Slime:5  | Identified the cursed +1 trident "Beetlebane" {drain, +Inv
                  | MR++ Str+3}
 37021 | Slime:5  | Identified the +7 war axe of Disharmony {flame, *Corrode
                  | rPois rF++ SInv}
 37054 | Slime:5  | Got a slimy rune of Zot
 37774 | Spider:1 | Reached XP level 19. HP: 187/187 MP: 5/24
 39249 | Spider:3 | Entered Level 3 of the Spider Nest
 39495 | Spider:3 | Identified the +1 chain mail of the Marlin {rC+ Str+4}
                  | (Okawaru gifted it to you on level 3 of the Spider Nest)
 39495 | Spider:3 | Received a gift from Okawaru
 40320 | Spider:3 | Reached skill level 10 in Dodging
 40875 | Spider:3 | Got a gossamer rune of Zot
 41296 | Depths:1 | Entered Level 1 of the Depths
 41738 | Depths:1 | Identified the +2 ring mail of Watchfulness {+Blink rF- rC-
                  | Dex+9}
 41989 | Depths:1 | Found a gateway to Hell.
 42002 | Depths:1 | Found Toxzab's Distillery.
 42002 | Depths:1 | Found Qyse's Weapon Boutique.
 42003 | Depths:1 | Found Xiessuez's Antique Weapon Shop.
 42005 | Depths:1 | Found Mafin's Book Boutique.
 42012 | Depths:1 | Received a gift from Okawaru
 42015 | Depths:1 | Gained mutation: A demonic guardian rushes to your aid.
                  | [demonic ancestry]
 42015 | Depths:1 | Reached XP level 20. HP: 204/204 MP: 23/25
 42048 | Depths:1 | Bought a potion of curing for 54 gold pieces
 42048 | Depths:1 | Bought a potion of curing for 54 gold pieces
 42048 | Depths:1 | Bought a potion of mutation for 144 gold pieces
 42048 | Depths:1 | Bought 2 potions of mutation for 288 gold pieces
 42048 | Depths:1 | Bought 2 potions of heal wounds for 180 gold pieces
 42057 | Depths:1 | Bought a manual of Invocations for 1435 gold pieces
 42095 | Depths:1 | Identified the cursed +1 great mace "Archanio" {speed,
                  | *Drain +Rage Str+4 Dex+3}
 42876 | Depths:2 | Identified the +7 broad axe "Aschecs" {chop, +Rage rElec
                  | Int+3} (Okawaru gifted it to you on level 2 of the Depths)
 42876 | Depths:2 | Received a gift from Okawaru
 42942 | Depths:2 | Noticed Sojobo
 42954 | Depths:2 | Killed Sojobo
 42975 | Depths:2 | Reached skill level 15 in Shields
 43363 | Depths:2 | Received a gift from Okawaru
 44089 | Depths:3 | Noticed Bai Suzhen
 44103 | Depths:3 | Killed Bai Suzhen
 44193 | Depths:3 | Found a flickering gateway to a bazaar.
 44209 | Bazaar   | Entered a bazaar
 44353 | Bazaar   | Found Futur's Food Emporium.
 44361 | Bazaar   | Found Lamam's Weapon Shop.
 44402 | Bazaar   | Found Siammal's Weapon Shoppe.
 44410 | Bazaar   | Found Meckacen's Book Boutique.
 44719 | Depths:3 | Received a gift from Okawaru
 44719 | Depths:3 | Reached skill level 1 in Evocations
 44920 | Depths:3 | Reached XP level 21. HP: 213/213 MP: 26/26
 45007 | Depths:3 | Found a gateway to a ziggurat.
 45286 | Depths:3 | Reached skill level 10 in Stealth
 45526 | Depths:3 | Identified the +11 long sword "Qown" {protect, rF- Str+2
                  | Int+9}
 46057 | Depths:4 | Noticed a golden dragon
 46057 | Depths:4 | a shadow dragon changed into a golden dragon
 46063 | Depths:4 | Identified the +1 robe "Gonkyxtu" {+Fly rC+ Dex+4} (Okawaru
                  | gifted it to you on level 4 of the Depths)
 46063 | Depths:4 | Received a gift from Okawaru
 46064 | Depths:4 | a golden dragon changed into a shadow dragon
 46076 | Depths:4 | HP: 10/241 [quicksilver dragon (glowing shapeshifter)/bolt
                  | of dispelling energy (41)]
 46077 | Depths:4 | HP: 1/241 [wind drake/the air (9)]
 46402 | Depths:4 | Identified the +2 robe of Wu Jian's Anger {Int+8}
 47008 | Depths:4 | Found the +8 lance "Wyrmbane" {slay drac, rPois rF+ rC+
                  | AC+3}
 47011 | Depths:4 | Identified Vehumet's Tome of Conjuration
 47102 | Depths:4 | Found a one-way gate to the infinite horrors of the Abyss.
 47196 | Depths:4 | Identified the cursed +3 morningstar of Mumetala {flame,
                  | Str+2}
 47266 | Depths:5 | Entered Level 5 of the Depths
 47271 | Depths:5 | Reached skill level 1 in Polearms
 48036 | Depths:5 | Identified the +4 hand axe "Cadey" {chop, *Rage rPois Int+9
                  | Stlth-} (Okawaru gifted it to you on level 5 of the Depths)
 48036 | Depths:5 | Received a gift from Okawaru
 48157 | Depths:5 | Reached XP level 22. HP: 225/225 MP: 26/28
 48454 | Depths:5 | Reached skill level 5 in Polearms
 48707 | Depths:5 | Identified the +0 acid dragon scales of Gluttony {rF+ rCorr
                  | MP+9 Str+4} (Okawaru gifted it to you on level 5 of the
                  | Depths)
 48707 | Depths:5 | Received a gift from Okawaru
 48736 | Depths:5 | Paralysed by a floating eye for 3 turns
 48979 | Depths:5 | Found a gate to the Realm of Zot.
 49324 | Vaults:1 | Entered Level 1 of the Vaults
 49948 | Vaults:1 | Found Bophegg's Antique Armour Shop.
 50042 | Vaults:1 | Found an ornate altar of the Wu Jian Council.
 50322 | Vaults:1 | Received a gift from Okawaru
 50659 | Vaults:2 | Found Veisch's Antique Armour Boutique.
 51140 | Vaults:2 | Identified the ring of Nusibbo {rC++ Int+4}
 51860 | Vaults:2 | Reached skill level 10 in Polearms
 51881 | Vaults:2 | Reached XP level 23. HP: 235/235 MP: 26/29
 52023 | Vaults:2 | Found a staircase to the Crypt.
 52150 | Vaults:3 | Entered Level 3 of the Vaults
 52152 | Vaults:3 | Noticed a juggernaut
 52201 | Vaults:3 | Received a gift from Okawaru
 52399 | Vaults:2 | Killed a juggernaut
 52630 | Vaults:3 | Noticed a juggernaut
 52751 | Vaults:3 | HP: 9/260 [stone giant/large rock (12)]
 52945 | Vaults:3 | Killed a juggernaut
 52953 | Vaults:3 | Noticed a golden dragon
 52963 | Vaults:3 | Killed a golden dragon
 52979 | Vaults:3 | Reached skill level 10 in Invocations
 53202 | Vaults:3 | Received a gift from Okawaru
 53305 | Vaults:3 | Noticed a golden dragon
 53343 | Vaults:3 | Killed a golden dragon
 53441 | Vaults:3 | Received a gift from Okawaru
 53454 | Vaults:3 | Noticed a golden dragon
 53462 | Vaults:3 | a golden dragon changed into a fire giant
 53594 | Vaults:3 | Identified the cursed +0 scimitar of the Absolute Madman
                  | {slice, rElec rC++ MP+9}
 53650 | Vaults:3 | Identified Sif Muna's Tome of Frigorific Toxins
 53654 | Vaults:3 | Identified the Handbook of Creative Moulding
 53656 | Vaults:3 | Identified Sif Muna's Incunabulum of Self-Improvement and
                  | Companions
 53731 | Vaults:3 | Gained mutation: You are extremely robust. (+30% HP)
                  | [demonic ancestry]
 53731 | Vaults:3 | Reached XP level 24. HP: 179/266 MP: 27/30
 53771 | Vaults:3 | Identified the +5 quarterstaff "Gangacorgh" {crush, Str+2}
 53783 | Vaults:3 | Identified the cursed +1 robe of Honour {rElec rF+++ Slay-2
                  | SInv}
 53989 | Vaults:3 | Received a gift from Okawaru
 54643 | Vaults:3 | Noticed a golden dragon
 54650 | Vaults:3 | Killed a golden dragon
 54682 | Vaults:3 | Got a silver rune of Zot
 55003 | Crypt:1  | Entered Level 1 of the Crypt
 55361 | Crypt:1  | Received a gift from Okawaru
 55392 | Crypt:1  | Paralysed by something for 3 turns
 55450 | Crypt:1  | Found a magical portal.
 55463 | WizLab   | Entered The Hall of the Hellbinder
 56016 | WizLab   | Found a burning altar of Makhleb.
 56094 | WizLab   | Identified the ring "Keha" {rElec MR+ Str+2 Stlth+}
 56098 | WizLab   | Identified the Incunabulum of Creation
 56250 | WizLab   | Identified the ring "Vusch" {rPois Str+2}
 56254 | WizLab   | Identified the ring "Wahatt" {+Blink rF- Slay+2 Stlth-}
 56838 | Crypt:1  | Found an ancient bone altar of Kikubaaqudgha.
 57069 | Crypt:2  | Entered Level 2 of the Crypt
 57505 | Crypt:2  | Noticed Jory
 57523 | Crypt:2  | Killed Jory
 57523 | Crypt:2  | Identified the +0 cloak of Okawaru's Outrage {-Cast +Inv
                  | Dex+4} (Okawaru gifted it to you on level 2 of the Crypt)
 57523 | Crypt:2  | Received a gift from Okawaru
 57536 | Crypt:2  | Found a staircase to the Tomb.
 57561 | Crypt:2  | Reached XP level 25. HP: 278/278 MP: 31/31
 57704 | Crypt:2  | Noticed an ancient lich
 58039 | Crypt:2  | Noticed an ancient lich
 58039 | Crypt:2  | Noticed an ancient lich
 58055 | Crypt:2  | Killed an ancient lich
 58189 | Crypt:2  | Killed an ancient lich
 58196 | Crypt:2  | Killed an ancient lich
 58681 | Hell     | Entered the Vestibule of Hell
 58681 | Hell     | Noticed Geryon
 58777 | Hell     | Killed Geryon
 59149 | Hell     | Gained mutation: You are weak. (Str -2) [a cacodemon]
 59392 | Hell     | Found a gateway to the ashen valley of Gehenna.
 59605 | Hell     | Found a gateway to the Iron City of Dis.
 59675 | Hell     | Identified the +3 spear of the Evening {protect, rPois
                  | Int+2} (Okawaru gifted it to you in the Vestibule of Hell)
 59675 | Hell     | Received a gift from Okawaru
 59816 | Hell     | Found a gateway to the decaying netherworld of Tartarus.
 59842 | Hell     | Found a gateway to the freezing wastes of Cocytus.
 59861 | Coc:1    | Entered Level 1 of Cocytus
 60070 | Coc:2    | Entered Level 2 of Cocytus
 60236 | Coc:2    | Noticed a shard shrike
 60242 | Coc:2    | Noticed a shard shrike
 60245 | Coc:2    | Killed a shard shrike
 60256 | Coc:2    | Killed a shard shrike
 60375 | Coc:2    | Identified the +0 ring mail of the King of the Hill {rElec
                  | rF+ Dex-2} (Okawaru gifted it to you on level 2 of Cocytus)
 60375 | Coc:2    | Received a gift from Okawaru
 60452 | Coc:2    | Noticed the Serpent of Hell
 60453 | Coc:2    | Noticed a shard shrike
 60456 | Coc:2    | Killed a shard shrike
 60470 | Coc:2    | Killed the Serpent of Hell
 60550 | Coc:2    | Reached skill level 15 in Polearms
 60707 | Coc:2    | Gained mutation: A powerful demonic guardian rushes to your
                  | aid. [demonic ancestry]
 60707 | Coc:2    | Reached XP level 26. HP: 213/291 MP: 32/32
 61438 | Coc:2    | Noticed Antaeus
 61470 | Coc:2    | Noticed an ancient lich
 61492 | Coc:2    | Killed an ancient lich
 61492 | Coc:2    | Received a gift from Okawaru
 61508 | Coc:2    | HP: 15/318 [Antaeus/flash freeze (23)]
 61519 | Coc:2    | HP: 2/318 [Antaeus/flash freeze (23)]
 62404 | Coc:2    | Received a gift from Okawaru
 62779 | Coc:2    | Killed Antaeus
 63188 | Coc:2    | Got an icy rune of Zot
 63562 | Tar:1    | Entered Level 1 of Tartarus
 63859 | Tar:2    | Entered Level 2 of Tartarus
 64611 | Tar:2    | Gained mutation: You are completely covered in slimy green
                  | scales. (AC +4, rPois) [demonic ancestry]
 64611 | Tar:2    | Reached XP level 27. HP: 176/302 MP: 33/33
 64729 | Tar:2    | HP: 10/330 [vampire knight/vampiric draining[the effects of
                  | Hell] (10)]
 65361 | Tar:2    | Identified the +7 hand axe "Goramiux" {freeze, rPois rF+
                  | Str-3 Dex+5} (Okawaru gifted it to you on level 2 of
                  | Tartarus)
 65361 | Tar:2    | Received a gift from Okawaru
 65758 | Tar:2    | Noticed Ereshkigal
 66183 | Tar:2    | Identified the +1 scale mail of the Lich-sworn {MR+ MP+9}
                  | (Okawaru gifted it to you on level 2 of Tartarus)
 66183 | Tar:2    | Received a gift from Okawaru
 67236 | Tar:2    | Killed Ereshkigal
 67339 | Tar:2    | Got a bone rune of Zot
 68081 | Tar:2    | Noticed an ancient lich
 68150 | Tar:2    | Identified the +0 pair of gloves of a Thousand Spirits
                  | {Str+3} (Okawaru gifted it to you on level 2 of Tartarus)
 68150 | Tar:2    | Received a gift from Okawaru
 69308 | Tar:2    | Reached skill level 15 in Armour
 70007 | Tar:2    | Identified the +0 large shield of Apod {Str+5} (Okawaru
                  | gifted it to you on level 2 of Tartarus)
 70007 | Tar:2    | Received a gift from Okawaru
 72200 | Geh:1    | Entered Level 1 of Gehenna
 72587 | Geh:1    | Received a gift from Okawaru
 72588 | Geh:1    | Found the +8 mithril axe "Arga" {speed, MR+}
 72763 | Geh:1    | Reached skill level 15 in Invocations
 73157 | Geh:2    | Entered Level 2 of Gehenna
 74018 | Geh:2    | Received a gift from Okawaru
 74620 | Geh:2    | HP: 6/337 [hellion/hellfire (25)]
 74620 | Geh:2    | Killed from afar by a balrug
 74670 | Geh:2    | Received a gift from Okawaru
 74678 | Geh:2    | HP: 10/342 [molten gargoyle/bolt of magma (19)]
 74689 | Geh:2    | HP: 6/342 [red devil/+2 trident of piercing[a balrug] (1)]
 74702 | Geh:2    | HP: 8/342 [red devil/+2 trident of piercing[a balrug] (1)]
 75127 | Geh:2    | Identified the +5 mace of Defence by Offence {crush, rC++}
 76496 | Geh:2    | Identified the ring "Sytsysupn" {rF+ rC+ rN+ Str+4 Int-5}
 76550 | Geh:2    | Identified the +1 trident "Tattletale" {freeze, *Rage rF+
                  | rN+ Str+7}
 76601 | Geh:2    | Identified the +7 sceptre of Asmodeus
 76601 | Geh:2    | Noticed Asmodeus
 76628 | Geh:2    | Killed Asmodeus
 76636 | Geh:2    | Got an obsidian rune of Zot
 76637 | Geh:2    | Identified the Almanac of Aerial Dark Magic
 77205 | Dis:1    | Entered Level 1 of the Iron City of Dis
 77289 | Dis:2    | Entered Level 2 of the Iron City of Dis
 77566 | Dis:2    | Identified the +4 medium shield of Hadjma {*Drain rCorr
                  | Dex+4} (Okawaru gifted it to you on level 2 of the Iron
                  | City of Dis)
 77566 | Dis:2    | Received a gift from Okawaru
 78945 | Dis:2    | Identified the +1 pair of boots "Ristruhipp" {rPois}
                  | (Okawaru gifted it to you on level 2 of the Iron City of
                  | Dis)
 78945 | Dis:2    | Received a gift from Okawaru
 79343 | Dis:2    | Identified the +4 staff of Dispater
 79343 | Dis:2    | Noticed Dispater
 79420 | Dis:2    | Killed Dispater
 79584 | Dis:2    | Identified the amulet "Deho" {Inacc +Fly rElec Str-5 Int+8}
 79591 | Dis:2    | Got an iron rune of Zot
 79992 | Dis:2    | Identified Myfagu's Disquisition on Heat
 80004 | Dis:2    | Identified the +11 longbow of Desertification {elec, +Inv
                  | rPois rF- Str+3}
 80675 | Depths:4 | Voluntarily entered the Abyss.
 81664 | Abyss:2  | Received a gift from Okawaru
 82394 | Abyss:4  | Reached skill level 27 in Fighting
 82596 | Abyss:5  | Entered Level 5 of the Abyss
 82596 | Abyss:5  | Entered Level 5 of the Abyss
 82596 | Abyss:5  | Entered Level 5 of the Abyss
 82596 | Abyss:5  | Found a corrupted altar of Lugonu.
 82600 | Abyss:5  | Found a corrupted altar of Lugonu.
 82795 | Abyss:5  | Paralysed by accursed screaming for 2 turns
 82827 | Abyss:5  | Identified the +6 demon trident of Xauf {elec, *Contam rN+
                  | MR+ Stlth+} (Okawaru gifted it to you on level 5 of the
                  | Abyss)
 82827 | Abyss:5  | Received a gift from Okawaru
 82847 | Depths:4 | Escaped the Abyss
 83124 | Depths:4 | Voluntarily entered the Abyss.
 83283 | Abyss:4  | Got an abyssal rune of Zot
 83286 | Abyss:4  | Gained mutation: You are clumsy. (Dex -2) [mutagenic glow]
 83313 | Abyss:4  | Gained mutation: Armour fits poorly on your strangely
                  | shaped body. [mutagenic glow]
 83481 | Depths:4 | Escaped the Abyss
 83482 | Depths:4 | Lost mutation: You are weak. (Str -2) [potion of mutation]
 83482 | Depths:4 | Lost mutation: Armour fits poorly on your strangely shaped
                  | body. [potion of mutation]
 83482 | Depths:4 | Gained mutation: You have an increased reservoir of magic.
                  | (+10% MP) [potion of mutation]
 83483 | Depths:4 | Lost mutation: You have an increased reservoir of magic.
                  | (+10% MP) [potion of mutation]
 83483 | Depths:4 | Lost mutation: You are clumsy. (Dex -2) [potion of
                  | mutation]
 83483 | Depths:4 | Gained mutation: Your flesh is heat resistant. (rF+)
                  | [potion of mutation]
 83483 | Depths:4 | Gained mutation: Your muscles are strong. (Str +2) [potion
                  | of mutation]
 83483 | Depths:4 | Gained mutation: You have a beak for a mouth. [potion of
                  | mutation]
 84280 | Abyss:4  | Found a corrupted altar of Lugonu.
 84486 | Depths:3 | Escaped the Abyss
 84738 | Abyss:5  | Entered Level 5 of the Abyss
 84738 | Abyss:5  | Entered Level 5 of the Abyss
 84738 | Abyss:5  | Entered Level 5 of the Abyss
 84788 | Orc      | Escaped the Abyss
 85043 | Abyss:5  | Entered Level 5 of the Abyss
 85043 | Abyss:5  | Entered Level 5 of the Abyss
 85304 | Depths:3 | Escaped the Abyss
 85307 | Abyss:5  | Entered Level 5 of the Abyss
 85307 | Abyss:5  | Entered Level 5 of the Abyss
 85312 | Depths:3 | Escaped the Abyss
 85316 | Abyss:5  | Entered Level 5 of the Abyss
 85316 | Abyss:5  | Entered Level 5 of the Abyss
 85346 | Abyss:5  | Identified the amulet of Kyacuicu {Acrobat Str+4}
 85408 | Depths:3 | Escaped the Abyss
 85412 | Abyss:5  | Entered Level 5 of the Abyss
 85412 | Abyss:5  | Entered Level 5 of the Abyss
 85412 | Abyss:5  | Entered Level 5 of the Abyss
 85457 | Abyss:5  | Found a corrupted altar of Lugonu.
 85473 | Abyss:5  | Received a gift from Okawaru
 85592 | Depths:3 | Escaped the Abyss
 85597 | Abyss:5  | Entered Level 5 of the Abyss
 85597 | Abyss:5  | Entered Level 5 of the Abyss
 85617 | Depths:3 | Escaped the Abyss
 85621 | Abyss:5  | Entered Level 5 of the Abyss
 85621 | Abyss:5  | Entered Level 5 of the Abyss
 86043 | Abyss:5  | Paralysed by accursed screaming for 1 turns
 86130 | Depths:3 | Escaped the Abyss
 86275 | Abyss:5  | Entered Level 5 of the Abyss
 86275 | Abyss:5  | Entered Level 5 of the Abyss
 86705 | Abyss:5  | Identified the +2 robe "Hemus" {rPois Dex+4} (Okawaru
                  | gifted it to you on level 5 of the Abyss)
 86705 | Abyss:5  | Received a gift from Okawaru
 86821 | Abyss:5  | Paralysed by accursed screaming for 1 turns
 86938 | Depths:3 | Escaped the Abyss
 87215 | Abyss:5  | Entered Level 5 of the Abyss
 87215 | Abyss:5  | Entered Level 5 of the Abyss
 87417 | Abyss:5  | Found a stormy altar of Qazlal.
 88312 | Abyss:5  | Received a gift from Okawaru
 88698 | Abyss:5  | Received a gift from Okawaru
 89280 | Abyss:5  | Paralysed by accursed screaming for 1 turns
 89655 | Abyss:5  | Received a gift from Okawaru
 89881 | Depths:3 | Escaped the Abyss
 90091 | Zot:1    | Entered Level 1 of the Realm of Zot
 90268 | Zot:1    | Received a gift from Okawaru
 90644 | Zot:1    | Identified the +4 flail of Iconoclasm {protect, rElec rC+
                  | Dex+2}
 91066 | Zot:2    | Noticed an orb of fire
 91074 | Zot:2    | Gained mutation: Your mind is acute. (Int +2) [an orb of
                  | fire]
 91076 | Zot:2    | Lost mutation: Your muscles are strong. (Str +2) [an orb of
                  | fire]
 91080 | Zot:2    | Killed an orb of fire
 91256 | Zot:2    | Received a gift from Okawaru
 92301 | Zot:3    | Identified the +1 hand axe "Niwist" {freeze, rPois}
                  | (Okawaru gifted it to you on level 3 of the Realm of Zot)
 92301 | Zot:3    | Received a gift from Okawaru
 92301 | Zot:3    | Reached skill level 27 in Shields
 92863 | Zot:4    | Identified the +7 plate armour of Anaesthesia {Int+8
                  | Stlth+}
 92961 | Zot:4    | Identified the cursed +0 war axe "Enetergh" {vamp, Str+4
                  | Stlth+}
 93222 | Zot:4    | Identified the +1 ring mail of Dakonkoc {Int+2} (Okawaru
                  | gifted it to you on level 4 of the Realm of Zot)
 93222 | Zot:4    | Received a gift from Okawaru
 93488 | Zot:4    | Identified the +11 trident of Quantum Leap {pierce, rN+
                  | Str-5 Int+6 Dex+4} (You acquired it on level 4 of the Realm
                  | of Zot)
 93488 | Zot:4    | Identified the ring of Vuidieb {+Fly MR+ Str+3 Stlth-} (You
                  | acquired it on level 4 of the Realm of Zot)
 93489 | Zot:4    | Identified the +0 cloak "Eninargh" {rC+ rN+ Regen+} (You
                  | acquired it on level 4 of the Realm of Zot)
 93508 | Zot:4    | Identified the +0 medium shield "Sunim" {rElec rF++ Dex-4}
                  | (You acquired it on level 4 of the Realm of Zot)
 93508 | Zot:4    | Identified the amulet "Gawaus" {Acrobat MR+ Int+4 Dex+6
                  | Stlth-} (You acquired it on level 4 of the Realm of Zot)
 93512 | Zot:4    | Identified the +0 pair of boots of Juwn {rC+} (You acquired
                  | it on level 4 of the Realm of Zot)
 93512 | Zot:4    | Identified the ring "Hyppest" {Ice +Inv Str+2} (You
                  | acquired it on level 4 of the Realm of Zot)
 93908 | Tomb:1   | Entered Level 1 of the Tomb of the Ancients
 94241 | Tomb:1   | Noticed Mara
 94258 | Tomb:1   | Killed Mara
 94380 | Tomb:1   | Noticed a greater mummy
 94392 | Tomb:1   | Killed a greater mummy
 94416 | Tomb:1   | Reached skill level 15 in Stealth
 94569 | Tomb:1   | Identified the +8 battleaxe "Rebofulu" {chop, *Drain Str+2
                  | Int+3 Dex+2}
 94837 | Tomb:2   | Noticed a greater mummy
 94842 | Tomb:2   | Noticed a greater mummy
 94850 | Tomb:2   | Noticed a greater mummy
 95010 | Tomb:2   | Noticed a greater mummy
 95335 | Tomb:2   | Noticed Mennas
 95361 | Tomb:2   | Killed Mennas
 95600 | Tomb:3   | Entered Level 3 of the Tomb of the Ancients
 95688 | Tomb:3   | Identified the +1 demon trident "Beetlebane" {vamp, rPois
                  | MR- Str+8 Dex-2} (Okawaru gifted it to you on level 3 of
                  | the Tomb of the Ancients)
 95688 | Tomb:3   | Received a gift from Okawaru
 95828 | Tomb:3   | Noticed a greater mummy
 95844 | Tomb:3   | Killed a greater mummy
 95853 | Tomb:3   | Noticed a greater mummy
 95866 | Tomb:3   | Killed a greater mummy
 96024 | Tomb:3   | Noticed a greater mummy
 96032 | Tomb:3   | Killed a greater mummy
 96052 | Tomb:3   | Noticed a greater mummy
 96258 | Tomb:3   | Noticed a greater mummy
 96274 | Tomb:3   | Killed a greater mummy
 96301 | Tomb:3   | Killed a greater mummy
 96303 | Tomb:3   | Noticed a greater mummy
 96313 | Tomb:3   | Killed a greater mummy
 96326 | Tomb:3   | Noticed Khufu
 96334 | Tomb:3   | Killed Khufu
 96336 | Tomb:3   | Noticed a greater mummy
 96346 | Tomb:3   | Killed a greater mummy
 96650 | Tomb:3   | Identified the +9 flail "Uceedo" {crush, Str+2}
 96653 | Tomb:3   | Identified the +2 robe "Rassat" {Int+4}
 96655 | Tomb:3   | Identified the amulet of the Centipede {RegenMP *Drain
                  | rElec rC+ Int+4}
 96669 | Tomb:3   | Identified the amulet "Komaz" {Inacc rC++ Str-3 Int+3
                  | Stlth+}
 96725 | Tomb:3   | Noticed a greater mummy
 96746 | Tomb:3   | Killed a greater mummy
 96932 | Tomb:3   | Got a golden rune of Zot
 96968 | Tomb:3   | Identified the amulet "Voitz" {Acrobat Int+4}
 97645 | Depths:3 | Identified the +3 hand axe of Ragnarok {elec, rPois rF-
                  | Int+7} (Okawaru gifted it to you on level 3 of the Depths)
 97645 | Depths:3 | Received a gift from Okawaru
 97658 | Zig:1    | Entered Level 1 of a ziggurat
 97677 | Zig:2    | Entered Level 2 of a ziggurat
 97690 | Zig:2    | Identified the +8 halberd of Internal Strife {venom, rF+}
 97697 | Zig:3    | Entered Level 3 of a ziggurat
 97765 | Zig:3    | Identified the +1 leather armour of Ybuebb {Str+2}
 97775 | Zig:4    | Entered Level 4 of a ziggurat
 97831 | Zig:5    | Entered Level 5 of a ziggurat
 97873 | Zig:6    | Entered Level 6 of a ziggurat
 97915 | Zig:6    | Identified the ring "Tehiroe" {rF+ rN+}
 97917 | Zig:6    | Identified the +6 shortbow of Astalole {venom, *Slow rF+
                  | rN+}
 97944 | Zig:7    | Entered Level 7 of a ziggurat
 97948 | Zig:7    | Noticed a greater mummy
 97954 | Zig:7    | Noticed a greater mummy
 97968 | Zig:7    | Killed a greater mummy
 97995 | Zig:7    | Killed a greater mummy
 98026 | Zig:7    | Identified the +1 robe of the Hills {+Inv Dex+3 Stlth-}
 98027 | Zig:7    | Identified the ring of Qyig {rElec rC- EV+2 Str+4}
 98037 | Zig:7    | Identified the ring "Mait" {rElec rC+ Str+2 Int+5}
 98315 | Zig:8    | Entered Level 8 of a ziggurat
 98399 | Zig:8    | Identified the ring "Zuut" {*Corrode rElec rF+ Str+4
                  | Slay+3}
 98626 | Zig:9    | Entered Level 9 of a ziggurat
 98633 | Zig:9    | Received a gift from Okawaru
 98661 | Zig:9    | Found the +2 shield of Resistance {rF+ rC+ MR+}
 98690 | Zig:9    | Identified the Grimoire of Shifting Feathers
 98713 | Zig:9    | Identified the +7 fustibalus of Reinforcement {freeze,
                  | rElec rPois}
 98963 | Zig:10   | Entered Level 10 of a ziggurat
 99066 | Zig:10   | Identified the cursed +1 leather armour of Misanthropy {MR+
                  | Str+4}
 99071 | Zig:10   | Identified the cursed +0 leather armour of Fyumyrph {+Inv}
 99076 | Zig:10   | Identified Sif Muna's Papyrus of Blistering Combat Magic
 99188 | Zig:11   | Entered Level 11 of a ziggurat
 99244 | Zig:11   | Identified the +11 gold dragon scales of Voggaad {rPois rF+
                  | rC+ Int+7}
 99245 | Zig:11   | HP: 6/348 [daeva/divine providence (12)]
 99247 | Zig:12   | Entered Level 12 of a ziggurat
 99526 | Zig:12   | Received a gift from Okawaru
 99760 | Zig:13   | Entered Level 13 of a ziggurat
 99765 | Zig:13   | Noticed Hafaixty the pandemonium lord
 99766 | Zig:13   | Noticed Zabbi the pandemonium lord
 99778 | Zig:13   | Noticed Yroxt the pandemonium lord
 99780 | Zig:13   | Killed Zabbi the pandemonium lord
 99790 | Zig:13   | Killed Hafaixty the pandemonium lord
 99829 | Zig:13   | Killed Yroxt the pandemonium lord
 99888 | Zig:13   | Found the +7 great mace "Undeadhunter" {disrupt, rN+}
 99898 | Zig:13   | Identified the cursed +0 medium shield of Unambiguity
                  | {*Slow Dex+5 SInv}
 99899 | Zig:13   | Identified the Guide on Mutagenic Aid
 99901 | Zig:13   | Identified the +5 lajatang of Responsibility {venom, *Slow
                  | rElec rPois rF+++}
 99902 | Zig:13   | Identified the +8 short sword of the Beast {drain, rN+
                  | Dex+4}
 99926 | Zig:14   | Entered Level 14 of a ziggurat
100013 | Zig:14   | Found the +3 warlock's mirror {reflect}
100028 | Zig:15   | Entered Level 15 of a ziggurat
100070 | Zig:15   | HP: 26/522 [emperor scorpion (11)]
100076 | Zig:15   | HP: 12/522 [merfolk impaler/+2 trident of protection (4)]
100082 | Zig:15   | HP: 10/522 [emperor scorpion (1)]
100084 | Zig:15   | HP: 3/522 [emperor scorpion (2)]
100084 | Zig:15   | Slain by a merfolk impaler

Skill      XL: |  1  2  3  4  5  6  7  8  9 10 11 12 13 14 15 16 17 18 19 20 21 22 23 24 25 26 27 |
---------------+----------------------------------------------------------------------------------+-----
Shields        | 3 4 5 6 7 8 9 10 11 12 14 15 16 17 18 19 20 27 | 27.0
Axes           | 2 3 4 5 7 9 11 12 13 15 17 18 19 20 21 22 | 22.3
Armour         | 3 4 5 6 7 8 9 10 11 12 13 14 21 | 21.9
Dodging        | 1 2 3 4 5 6 7 8 10 11 12 13 | 13.5
Fighting       | 4 5 6 7 8 9 10 12 13 14 15 17 18 19 20 21 22 23 27 | 27.0
Stealth        | 1 2 3 4 5 6 7 8 9 11 12 16 | 16.0
Invocations    | 1 2 3 4 5 7 9 10 11 13 14 21 | 21.6
Long Blades    | 2 |  2.8
Evocations     | 1 |  1.0
Polearms       | 3 10 12 13 15 16 26 | 26.2
Spellcasting   | 2 |  2.0

Action                   |  1- 3 |  4- 6 |  7- 9 | 10-12 | 13-15 | 16-18 | 19-21 | 22-24 | 25-27 || total
-------------------------+-------+-------+-------+-------+-------+-------+-------+-------+-------++-------
Melee: War axe           |    93 |   155 |   293 |   681 |     2 |       |   742 |       |       ||  1966
       Headbutt          |    11 |    20 |    61 |   166 |   253 |   333 |   478 |   618 |  2981 ||  4921
       Broad axe         |       |       |       |       |   847 |  1160 |   441 |       |   693 ||  3141
       Hand axe          |       |       |       |       |    19 |       |       |       |       ||    19
       Demon blade       |       |       |       |       |    19 |       |       |       |       ||    19
       Lance             |       |       |       |       |       |       |   164 |  1996 |  8931 || 11091
       Peck              |       |       |       |       |       |       |       |       |   914 ||   914
       Punch             |       |       |       |       |       |       |       |       |     1 ||     1
Invok: Heroism           |       |       |       |    11 |    18 |    19 |    14 |    11 |    38 ||   111
       Finesse           |       |       |       |       |     1 |     5 |     8 |    10 |    36 ||    60
 Abil: Evoke Berserk Rag |       |     1 |       |       |       |       |       |       |       ||     1
Evoke: Wand              |       |       |       |       |       |       |     1 |       |       ||     1
  Use: Potion            |       |     1 |     1 |     4 |     4 |     5 |    13 |     7 |    46 ||    81
       Scroll            |       |       |     6 |     2 |    17 |    11 |    11 |    16 |    24 ||    87
 Stab: Distracted        |       |       |     1 |     2 |    15 |    12 |    21 |     9 |    65 ||   125
       Sleeping          |       |       |       |       |    12 |    11 |    25 |    19 |       ||    67
       Petrified         |       |       |       |       |       |     7 |       |       |       ||     7
       Confused          |       |       |       |       |       |       |       |       |     2 ||     2
       Invisible         |       |       |       |       |       |       |       |       |     1 ||     1
       Paralysed         |       |       |       |       |       |       |       |       |     1 ||     1
  Eat: Chunk             |       |     7 |    13 |    19 |    28 |    21 |    23 |    21 |    52 ||   184
       Ration            |       |       |       |     1 |     4 |     4 |     3 |     3 |    26 ||    41
Armor: Scale mail        |    47 |    26 |       |       |       |       |       |       |       ||    73
       Chain mail        |       |    50 |   107 |   135 |       |       |       |       |       ||   292
       Iron dragon scale |       |       |       |   189 |   111 |       |       |   402 |  3061 ||  3763
       Ring mail         |       |       |       |       |   205 |   224 |   104 |    22 |       ||   555
       Acid dragon scale |       |       |       |       |       |    53 |   161 |       |       ||   214
Dodge: Dodged            |    33 |    46 |   110 |   169 |   399 |   534 |   889 |   429 |  1675 ||  4284
Block: Medium shield     |    35 |    82 |   132 |   373 |   478 |   638 |   791 |   721 |  3499 ||  6749
       Large shield      |       |       |       |       |       |       |       |       |   708 ||   708
